[Event "Team 45 45 League T41"]
[Site "Internet Chess Club"]
[Date "2009.06.25"]
[Round "9"]
[White "easycure"]
[Black "KNVB"]
[Result "0-1"]
[WhiteElo "2400"]
[BlackElo "2364"]
[Opening "Benkö gambit accepted"]
[ECO "A58"]
[Time "11:05:20"]
[TimeControl "2700+45"]

1. d4 Nf6 2. c4 c5 3. d5 b5 4. cxb5 a6 5. bxa6 g6 6. Nc3 Bxa6 7. e4 Bxf1 8. Kxf1
d6 9. Nf3 Nbd7 10. h3 Bg7 11. Kg1 O-O 12. Kh2 Qa5 13. Re1 Rfb8 14. Re2 Ne8 15.
Rc2 Qa6 16. Bd2 Nc7 17. Rac1 Ne5 18. Nxe5 Bxe5+ 19. f4 Bxc3 20. bxc3 Qc4 21. Qf3
f5 22. exf5 gxf5 23. Re1 Nxd5 24. Bc1 Rxa2 25. Rxa2 Qxa2 26. Qd3 e6 27. c4 Qf2
28. Rf1 Rb3 29. Rxf2 Rxd3 30. cxd5 exd5 31. Rc2 d4 32. Kg1 Rd1+ 33. Kf2 d3 34.
Rd2 Rxc1 35. Rxd3 Rc4 36. Kf3 Rd4 37. Rxd4 cxd4 38. Ke2 h5 39. h4 Kf7 40. Kd3
Ke8 41. Kxd4 Kd8 42. Kc4 Kc7 43. Kb5 Kb7 44. g4 fxg4 45. f5 Kc7 {White resigns}
0-1

[Event "Team 45 45 League T41"]
[Site "Internet Chess Club"]
[Date "2009.06.30"]
[Round "9"]
[White "playwaycool"]
[Black "Ser-Enigma"]
[Result "1/2-1/2"]
[WhiteElo "2172"]
[BlackElo "2164"]
[Opening "Trompowsky attack (Ruth, Opocenský opening)"]
[ECO "A45"]
[Time "15:07:24"]
[TimeControl "2700+45"]

1. d4 Nf6 2. Bg5 Ne4 3. Bf4 c5 4. f3 Qa5+ 5. c3 Nf6 6. Nd2 cxd4 7. Nb3 Qb6 8.
Qxd4 Nc6 9. Qxb6 axb6 10. Nd4 e5 11. Nxc6 exf4 12. Nd4 Bd6 13. Kf2 Nd5 14. g3 g5
15. Nh3 f6 16. gxf4 gxf4 17. a3 Ne3 18. Rg1 Kf7 19. Ke1 Be5 20. Rc1 d5 21. Nf2
Bd7 22. Nd1 Nc4 23. e4 fxe3 24. Bxc4 dxc4 25. Nxe3 Bf4 26. Kf2 Bxh2 27. Rh1 Bf4
28. Rce1 Bxe3+ 29. Rxe3 h5 30. Rh4 f5 31. Ne2 b5 32. Nf4 Ra6 33. Rxh5 Rxh5 34.
Nxh5 Rh6 35. Nf4 Rh2+ 36. Ng2 f4 37. Re2 Bh3 38. Kg1 Rxg2+ 39. Rxg2 Bxg2 40.
Kxg2 Kg6 41. Kh3 Kh5 42. Kg2 Kh4 43. Kh2 Kg5 44. Kh3 Kh5 45. Kg2 Kh4 {Game drawn
by mutual agreement} 1/2-1/2

[Event "Team 45 45 League T41"]
[Site "Internet Chess Club"]
[Date "2009.06.29"]
[Round "9"]
[White "jorobo"]
[Black "Gregorio"]
[Result "1-0"]
[WhiteElo "2201"]
[BlackElo "1995"]
[Opening "English opening"]
[ECO "A10"]
[Time "07:07:46"]
[TimeControl "2700+45"]

1. c4 b6 2. Nc3 e6 3. d4 Bb7 4. e4 d5 5. cxd5 exd5 6. e5 Ne7 7. Nf3 Ng6 8. h4 h6
9. h5 Ne7 10. Bd3 Nec6 11. Qa4 Qd7 12. a3 Na5 13. e6 Qxa4 14. exf7+ Kxf7 15.
Ne5+ Kf6 16. Nxa4 Bd6 17. Ng4+ Ke7 18. Be3 Nc4 19. O-O-O Bc8 20. Rh4 Nxe3 21.
Nxe3 c6 22. Nf5+ Bxf5 23. Bxf5 Kf6 24. Bg6 Nd7 25. Rh3 Bf4+ 26. Kc2 Nf8 27. Rf3
Nxg6 28. hxg6 Kg5 29. g3 Bd6 30. Re1 Rhg8 31. Re6 Rad8 32. Rf7 Rge8 33. f4+ Kg4
34. Rxe8 Rxe8 35. Rxg7 Kxg3 36. f5 Rf8 37. Rd7 Rxf5 38. Rxd6 Rg5 39. Rxc6 h5 40.
Nc3 h4 41. Ne2+ Kf2 42. Kd2 h3 43. Rf6+ Kg2 44. Nf4+ Kg3 45. g7 h2 46. Rg6 Rxg6
47. Nxg6 h1=Q 48. g8=Q Qg2+ 49. Kc3 Qf3+ 50. Kb4 a5+ 51. Ka4 Qd1+ 52. Kb5 Qxd4
53. Ne7+ Kf2 54. Qf7+ Ke1 55. Qe6+ Kf2 56. Qf5+ Kg3 57. Qg5+ Kf2 58. Qg3+ Kf1
59. Qf3+ Ke1 60. Qc3+ {Black resigns} 1-0

[Event "Team 45 45 League T41"]
[Site "Internet Chess Club"]
[Date "2009.06.24"]
[Round "9"]
[White "adh2050"]
[Black "chsrules88"]
[Result "1-0"]
[WhiteElo "2119"]
[BlackElo "2041"]
[Opening "Ruy Lopez: closed, anti-Marshall 8.a4"]
[ECO "C88"]
[Time "12:02:27"]
[TimeControl "2700+45"]

1. e4 e5 2. Nf3 Nc6 3. Bb5 a6 4. Ba4 b5 5. Bb3 Nf6 6. O-O Be7 7. Re1 O-O 8. a4
b4 9. h3 d6 10. d3 Na5 11. Ba2 c5 12. Nbd2 Bd7 13. Nc4 Nc6 14. Ne3 g6 15. Nc4
Be6 16. Bh6 Re8 17. Ng5 Bf8 18. Nxe6 Rxe6 19. Bg5 h6 20. Bh4 g5 21. Bg3 Re8 22.
Ne3 Qd7 23. h4 Nd4 24. hxg5 hxg5 25. c3 Ne6 26. cxb4 cxb4 27. Qd2 Rab8 28. Bc4
Qb7 29. Nf5 Nf4 30. Qd1 Rbc8 31. Qf3 Rc7 32. Rac1 Rec8 33. b3 Qb6 34. Bxf4 exf4
35. g3 fxg3 36. Qxg3 Nh7 37. Kg2 d5 38. exd5 Rd7 39. d6 Qb7+ 40. f3 Kh8 41. Qe5+
f6 42. Qe6 Rxc4 43. Rxc4 Rf7 44. Ne7 Rg7 45. Rc7 Qb6 46. Rh1 Bxe7 47. Rxe7 Qc6
48. Qxf6 Qc2+ 49. Kg3 {Black resigns} 1-0

[Event "Team 45 45 League T41"]
[Site "Internet Chess Club"]
[Date "2009.06.27"]
[Round "9"]
[White "Invicta-Knight"]
[Black "knight2f3"]
[Result "1-0"]
[WhiteElo "1591"]
[BlackElo "1526"]
[Opening "Alekhine's defense: four pawns attack, 7.Be3"]
[ECO "B02"]
[Time "13:12:31"]
[TimeControl "2700+45"]

1. e4 Nf6 2. e5 Nd5 3. c4 Nb6 4. d4 d6 5. f4 dxe5 6. fxe5 Nc6 7. Be3 Bf5 8. Nc3
Qd7 9. Nf3 e6 10. Bd3 Bg4 11. h3 Bh5 12. O-O Be7 13. a3 Nxd4 14. g4 Nxf3+ 15.
Rxf3 Bg6 16. Bxg6 fxg6 17. Qe2 O-O-O 18. Bxb6 axb6 19. Rd1 Bc5+ 20. Kh2 Qe8 21.
b4 Be7 22. Nb5 Rxd1 23. Qxd1 Qd8 24. Rd3 Qf8 25. Rf3 Qd8 26. Rd3 Qf8 27. Rf3 Qe8
28. Qa4 c6 29. Qa8+ Kd7 30. Qxb7+ Kd8 31. Qc7# {Black checkmated} 1-0

[Event "Team 45 45 League T41"]
[Site "Internet Chess Club"]
[Date "2009.06.26"]
[Round "9"]
[White "Mutaant"]
[Black "stputte"]
[Result "0-1"]
[WhiteElo "1422"]
[BlackElo "1420"]
[Opening "Alekhine's defense: Scandinavian variation"]
[ECO "B02"]
[Time "16:00:08"]
[TimeControl "2700+45"]

1. e4 Nf6 2. Nc3 d5 3. e5 d4 4. exf6 dxc3 5. fxg7 cxd2+ 6. Qxd2 Qxd2+ 7. Bxd2
Bxg7 8. c3 Bf5 9. Bc4 e6 10. Ne2 Nc6 11. Bb5 Be4 12. f3 a6 13. Ba4 Bd3 14. Bxc6+
bxc6 15. Be3 O-O-O 16. Rd1 Bc4 17. a3 Rxd1+ 18. Kxd1 Rd8+ 19. Ke1 Bb3 20. Kf2
Rd5 21. Nd4 Bxd4 22. Bxd4 c5 23. Be3 Kb7 24. Re1 Kc6 25. g4 Kb5 26. Kg3 Rd1 27.
Re2 Bd5 28. b4 c4 29. Ra2 Rd3 30. Bd4 Rxf3+ 31. Kh4 Ka4 32. Kg5 Kb3 33. Re2 Kxa3
34. Kh6 Kb3 35. g5 Rxc3 36. Bxc3 Kxc3 37. Kxh7 Kxb4 38. Kg7 c3 39. Kxf7 Kb3 40.
h4 c2 41. Rxc2 Kxc2 42. h5 e5+ 43. Kf6 e4 44. h6 Bg8 45. g6 e3 46. h7 Bxh7 47.
gxh7 e2 48. h8=Q e1=Q 49. Qh7+ Kb2 50. Qh2+ Kb3 51. Kf5 Qb1+ 52. Ke6 Qd3 53. Qg2
Qd6+ 54. Kf5 c5 55. Qb7+ Kc4 56. Qb2 Qd5+ 57. Kg6 Qd3+ 58. Kg5 Kd5 59. Qb7+ Kd4
60. Qd7+ Kc3 61. Qg7+ Kc2 62. Qb7 a5 63. Qc6 Qd4 64. Qg6+ Kc3 65. Qb6 a4 66. Qb1
Qd2+ 67. Kf6 a3 68. Qa1+ Qb2 69. Qe1+ Kb3+ 70. Ke6 a2 71. Qg3+ Qc3 72. Qb8+ Kc4
73. Qf4+ Qd4 74. Qf1+ Kb4 75. Qe1+ Qc3 76. Qh4+ Kb3 {White resigns} 0-1

[Event "Team 45 45 League T41"]
[Site "Internet Chess Club"]
[Date "2009.06.30"]
[Round "9"]
[White "slipkid"]
[Black "beerss"]
[Result "1-0"]
[WhiteElo "1479"]
[BlackElo "1369"]
[Opening "French: Winawer (Nimzovich) variation"]
[ECO "C15"]
[Time "13:00:12"]
[TimeControl "2700+45"]

1. e4 e6 2. d4 d5 3. Nc3 Bb4 4. a3 Ba5 5. b4 Bb6 6. exd5 exd5 7. Na4 c6 8. Nxb6
axb6 9. Be3 Nf6 10. Nf3 Bg4 11. Be2 O-O 12. O-O Nbd7 13. h3 Bh5 14. Re1 b5 15.
Bg5 Qc8 16. Ne5 Bxe2 17. Qxe2 Ne4 18. Nxd7 Qxd7 19. Bf4 Rfe8 20. Qf3 f5 21. Rad1
Qf7 22. Qd3 Qd7 23. f3 Nf6 24. Re5 g6 25. Bg5 Nh5 26. Rde1 Ng7 27. Re7 Rxe7 28.
Rxe7 Qd6 29. Qe3 b6 30. Bh6 Rd8 31. Rxg7+ Kh8 32. Re7 Qb8 33. Bg7+ Kg8 34. Qe6#
{Black checkmated} 1-0

[Event "Team 45 45 League T41"]
[Site "Internet Chess Club"]
[Date "2009.06.28"]
[Round "9"]
[White "seldredg"]
[Black "JimGaming"]
[Result "0-1"]
[WhiteElo "1410"]
[BlackElo "1335"]
[Opening "Queen's pawn: stonewall attack"]
[ECO "D00"]
[Time "13:32:20"]
[TimeControl "2700+45"]

1. d4 d5 2. e3 Nf6 3. Bd3 c5 4. c3 c4 5. Bc2 b5 6. b3 e6 7. f4 Ne4 8. Nf3 Be7 9.
O-O O-O 10. Qe1 f5 11. Ba3 Bxa3 12. Nxa3 a6 13. Ng5 Nxg5 14. fxg5 Qxg5 15. Rf4
Nc6 16. Bd1 Ne7 17. h4 Qf6 18. h5 Kh8 19. Qg3 Ng8 20. Be2 Nh6 21. Raf1 Rg8 22.
Bf3 Bb7 23. bxc4 bxc4 24. Nxc4 g5 25. hxg6 Rxg6 26. Qe1 Nf7 27. Nd2 Rc8 28. Bh5
Rh6 29. Bxf7 Qxf7 30. Nf3 Rg8 31. Nh4 Qg7 32. R1f2 Qg3 33. Nxf5 Qh2+ 34. Kf1
Qh1+ 35. Ke2 Qxe1+ 36. Kxe1 Rh1+ 37. Ke2 a5 38. Nd6 Ba6+ 39. Kd2 Rb8 40. Nf7+
Kg7 41. Rg4+ Kf8 42. Nd6+ Ke7 43. Nf7 Rb2# {White checkmated} 0-1

[Event "Team 45 45 League T41"]
[Site "Internet Chess Club"]
[Date "2009.06.28"]
[Round "9"]
[White "scottrugby"]
[Black "Krumpy"]
[Result "0-1"]
[WhiteElo "1464"]
[BlackElo "1553"]
[Opening "Scotch gambit"]
[ECO "C44"]
[Time "11:01:19"]
[TimeControl "2700+45"]

1. e4 e5 2. Nf3 Nc6 3. d4 exd4 4. Bc4 Qe7 5. O-O Ne5 6. Nxe5 Qxe5 7. Qf3 Nf6 8.
Bf4 Qc5 9. Bd3 d6 10. h3 Be7 11. c3 dxc3 12. Nxc3 Bd7 13. Rac1 Qh5 14. Qe3 g5
15. Bxg5 Rg8 16. Bxf6 Bxh3 17. g3 Bxf1 18. Bxf1 Bxf6 19. Nd5 Bg5 20. f4 Bh4 21.
Nxc7+ Kd8 22. Nxa8 {White resigns} 0-1

[Event "Team 45 45 League T41"]
[Site "Internet Chess Club"]
[Date "2009.06.27"]
[Round "9"]
[White "arconia"]
[Black "hcarstens"]
[Result "1-0"]
[WhiteElo "1330"]
[BlackElo "1329"]
[Opening "French defense"]
[ECO "C00"]
[Time "09:32:44"]
[TimeControl "2700+45"]

1. e4 e6 2. Nf3 d5 3. e5 c5 4. Be2 Nc6 5. O-O Qc7 6. d4 c4 7. c3 Be7 8. h3 f6 9.
exf6 Nxf6 10. Ng5 Bd7 11. a4 O-O-O 12. Nf7 Rhf8 13. Nxd8 Kxd8 14. Nd2 e5 15.
dxe5 Nxe5 16. b4 cxb3 17. Qxb3 Be6 18. a5 Ke8 19. Ba3 Bg4 20. hxg4 Nexg4 21.
Bxg4 Nxg4 22. Qa4+ Kf7 23. Qxg4 Kg8 24. Bxe7 Qxe7 25. c4 Rd8 26. cxd5 Rxd5 27.
Qc4 Qd7 28. Nf3 Kh8 29. Qa4 Qc7 30. Qe8# {Black checkmated} 1-0

[Event "Team 45 45 League T41"]
[Site "Internet Chess Club"]
[Date "2009.06.28"]
[Round "9"]
[White "Just-Jim"]
[Black "reverendjim"]
[Result "0-1"]
[WhiteElo "1390"]
[BlackElo "1353"]
[Opening "Caro-Kann: Hillbilly attack"]
[ECO "B10"]
[Time "13:00:39"]
[TimeControl "2700+45"]

1. e4 c6 2. Bc4 d5 3. exd5 cxd5 4. Bb5+ Bd7 5. Bxd7+ Nxd7 6. Nf3 Ngf6 7. d4 e6
8. a3 Bd6 9. O-O O-O 10. Bg5 h6 11. Bh4 Be7 12. Bg3 Ne4 13. Nbd2 Nxg3 14. fxg3
Qb6 15. b4 Rac8 16. Nb3 Nf6 17. h3 Ne4 18. Kh2 Bf6 19. Qd3 Rc3 20. Qe2 Qd6 21.
Ne5 Bxe5 22. dxe5 Qxe5 23. Rf3 Rxb3 24. cxb3 Qxa1 25. a4 Rc8 26. h4 Rc3 27. Rxc3
Qxc3 28. Qg4 Qxb3 29. Qf4 Qxb4 30. g4 Qd6 31. g3 Qxf4 32. gxf4 Kf8 33. Kg2 Ke7
34. f5 exf5 35. gxf5 g6 36. fxg6 fxg6 37. Kf3 Kf6 {White resigns} 0-1